 Dungeon Crawl Stone Soup version 0.26.0-11-g8f856b5395 (webtiles) character file.

Game seed: 6769588142054353368

207 EnegeticOcto the Shield-Bearer (level 5, -1/49 HPs)
             Began as a Gargoyle Fighter on Jan 15, 2021.
             Killed by divine providence
             ... invoked by an orc priest
              (9 damage)
             ... on level 4 of the Dungeon.
             The game lasted 00:01:18 (2679 turns).

EnegeticOcto the Shield-Bearer (Gargoyle Fighter)   Turns: 2679, Time: 00:01:19

Health: -1/49      AC: 22    Str: 20    XL:     5   Next: 85%
Magic:  5/5        EV:  2    Int:  9    God:
Gold:   155        SH:  9    Dex:  9    Spells: 4/4 levels left

rFire    . . .     SeeInvis .   a - +0 war axe
rCold    . . .     Faith    .   c - +0 kite shield
rNeg     + + +     Spirit   .   (armour currently unavailable)
rPois    ∞         Reflect  .   (helmet currently unavailable)
rElec    .         Harm     .   (cloak currently unavailable)
rCorr    .         Rampage  .   (gloves currently unavailable)
Will     .....     NoTele   +   (boots currently unavailable)
Stlth    +.........             (no amulet)
HPRegen  0.16/turn              (no ring)
MPRegen  0.09/turn              (no ring)

@: brilliant, tree-form, attractive
A: negative energy resistance 1, petrification resistance, miasma immunity, AC
+4
a: no special abilities


You were on level 4 of the Dungeon.
You were a tree.
You visited 1 branch of the dungeon, and saw 4 of its levels.

You collected 155 gold pieces.

Inventory:

Hand Weapons
 a - a +0 war axe (weapon)
Armour
 b - a +0 scale mail (melded)
 c - a +0 kite shield (worn)
Wands
 u - a wand of iceblast (8) {@v2}
   (You found it on level 3 of the Dungeon)
 w - a wand of digging (5) {@v3}
   (You took it off Jessica on level 3 of the Dungeon)
Scrolls
 g - 2 scrolls of fear {unknown}
 i - 5 scrolls of identify {unknown}
 l - a scroll of enchant weapon {unknown}
 n - a scroll of remove curse {unknown}
 o - a scroll of enchant armour {unknown}
 p - a scroll of noise {unknown}
 q - a scroll of teleportation {unknown}
 t - a scroll of random uselessness {unknown}
Potions
 d - a potion of might {@q3 !q}
 f - 2 potions of curing {@q1 !q}
 h - a potion of resistance
 j - a potion of haste {unknown}
 k - a potion of degeneration {unknown}
 m - 2 potions of lignification {@q6}
 s - a potion of mutation {unknown}
 v - a potion of heal wounds {unknown}


   Skills:
 + Level 4.2 Fighting
 * Level 3.5 Axes
 + Level 4.2 Armour
 + Level 4.3 Shields


You had 4 spell levels left.
You didn't know any spells.
Your spell library contained the following spells:

 Spells                   Type           Power        Failure   Level
 Summon Small Mammal      Summ           0%           85%         1
 Call Imp                 Summ           0%           94%         2
 Call Canine Familiar     Summ           0%           99%         3
 Summon Guardian Golem    Hex/Summ       0%           99%         3
 Summon Ice Beast         Ice/Summ       0%           100%        4
 Summon Lightning Spire   Summ/Air       0%           100%        4


Dungeon Overview and Level Annotations

Branches:
Dungeon (4/15)
 Temple: D:4-7

Altars:
Ashenzari
Hepliaklqana
Okawaru
Uskayaw
Yredelemnul


Innate Abilities, Weirdness & Mutations

You are resistant to torment.
((Your stone body is resilient. (AC +4)))
You are immune to poison.
You resist negative energy. (rN+)
((You are resistant to electric shocks. (rElec)))
((You can survive without breathing.))
You are immune to petrification.
You are immune to miasma.


Message History

You block the worker ant's attack.
The adder skeleton bites you but does no damage.
The worker ant bites you but does no damage. x2
It was a potion of curing.
You feel better. You block the adder skeleton's attack.
You block the worker ant's attack. The worker ant completely misses you.
The orc priest looks braver for a moment.
You slash the worker ant!
The worker ant is almost dead.
You hit the worker ant. You hit the adder skeleton.
You block the worker ant's attack. You block the adder skeleton's attack.
The worker ant bites you but does no damage.
You hit the worker ant.
You kill the worker ant!
You closely miss the worker ant. You hit the adder skeleton.
You destroy the adder skeleton!
You block the worker ant's attack.
The worker ant bites you but does no damage.
The gnoll hits you with a +0 club.
You barely miss the gnoll. You hit the worker ant.
The worker ant bites you but does no damage.
The gnoll hits you but does no damage. You block the gnoll's attack.
The worker ant bites you but does no damage.
The gnoll hits you but does no damage.
You barely miss the gnoll. You hit the worker ant.
You block the worker ant's attack.
The gnoll hits you but does no damage. x2
The worker ant bites you but does no damage.
You closely miss the gnoll. You hit the worker ant.
You kill the worker ant!
You block the gnoll's attack. The gnoll hits you but does no damage.
You block the orc priest's attack. You block the gnoll's attack.
The gnoll barely misses you.
You slash the gnoll!
The gnoll is severely wounded.
You hit the orc priest. The gnoll hits you but does no damage.
You block the orc priest's attack. You block the gnoll's attack.
The gnoll hits you but does no damage.
You hit the orc priest but do no damage.
The orc priest is lightly wounded.
You slash the gnoll!
You kill the gnoll!
You hear the slow hiss of a distant avalanche of sand.
You block the gnoll's attack.
The orc priest hits you but does no damage.
The gnoll hits you but does no damage. You block the gnoll's attack.
The worker ant bites you but does no damage.
You closely miss the orc priest.
You hit the worker ant but do no damage.
The orc priest hits you but does no damage.
You block the gnoll's attack. The worker ant bites you.
The gnoll hits you but does no damage. x2
The orc priest hits you but does no damage.
You hit the orc priest but do no damage.
You completely miss the worker ant. You block the worker ant's attack.
The gnoll hits you but does no damage. You block the worker ant's attack.
The gnoll completely misses you.
The orc priest hits you but does no damage.
The gnoll hits you but does no damage.
You hit the orc priest.
The orc priest is lightly wounded.
You hit the worker ant.
The worker ant bites you but does no damage.
You block the gnoll's attack.
The orc priest looks braver for a moment.
The gnoll hits you but does no damage. You block the worker ant's attack.
The gnoll hits you but does no damage.
You barely miss the orc priest.
The orc priest is lightly wounded.
You hit the worker ant. You block the orc priest's attack.
You block the worker ant's attack. The gnoll hits you but does no damage.
The gnoll barely misses you. You block the orc priest's attack.
The worker ant bites you.
* * * LOW HITPOINT WARNING * * *
The gnoll hits you but does no damage.
You hit the orc priest.
The orc priest is moderately wounded.
Your shield prevents you from hitting the worker ant.
You block the gnoll's attack.
The worker ant bites you but does no damage.
The gnoll hits you but does no damage.
The orc priest hits you but does no damage.
You hit the orc priest but do no damage.
The orc priest is moderately wounded.
You barely miss the worker ant. The worker ant bites you.
* * * LOW HITPOINT WARNING * * *
The gnoll hits you but does no damage. x2
The orc priest hits you but does no damage.
The worker ant bites you but does no damage.
The gnoll completely misses you.
It was a potion of attraction.
You feel attractive to monsters. The gnoll hits you but does no damage.
You block the orc priest's attack. You block the worker ant's attack.
The gnoll hits you but does no damage.
It was a potion of brilliance.
You feel clever all of a sudden. The gnoll hits you but does no damage.
The worker ant bites you.
* * * LOW HITPOINT WARNING * * *
The orc priest mumbles some strange prayers to Beogh against you.
Beogh smites you!
You die...

#.....# .....# ## ..
..........##.# ..##
#..... .......# ...#
##[..# #.....## ...#
#...# g.g...###
##.####...#
#Boo.....
(#..##....# #♣#
(#..##....# ##.#
##..<.....## #..#
...........# ##..#
...........###...#
...............#..#
............#####..#
##...##...### #$.#
#..####.## #...


You could see a worker ant, an orc priest, 2 gnolls and an orc.

Vanquished Creatures
  Jessica (D:3)
  2 worker ants (D:4)
  A gnoll (D:4)
  2 adders
  2 oozes (D:2)
  An adder skeleton (D:4)
  5 worms (D:2)
  4 dart slugs
  3 leopard geckos
  4 orcs
  10 bats
  4 giant cockroaches
  3 hobgoblins
  3 jackals (D:2)
  A quokka (D:3)
  3 frilled lizards
  7 goblins
  9 kobolds
  5 rats
70 creatures vanquished.

Notes
Turn   | Place    | Note
-------+----------+-------------------------------------------
     0 | D:1      | EnegeticOcto the Gargoyle Fighter began the quest for the
                  | Orb.
     0 | D:1      | Reached XP level 1. HP: 14/14 MP: 1/1
    99 | D:1      | Reached skill level 2 in Axes
   158 | D:1      | Reached XP level 2. HP: 19/19 MP: 2/2
   506 | D:1      | Reached XP level 3. HP: 23/23 MP: 3/3
  1076 | D:2      | Reached XP level 4. HP: 29/29 MP: 4/4
  1489 | D:2      | Found a hazy altar of Hepliaklqana.
  1597 | D:2      | Reached skill level 3 in Axes
  2133 | D:3      | Found a basalt altar of Yredelemnul.
  2313 | D:3      | Found a broken altar of Ashenzari.
  2335 | D:3      | Found an iron altar of Okawaru.
  2335 | D:3      | Found a basalt altar of Yredelemnul.
  2408 | D:3      | Reached skill level 4 in Shields
  2463 | D:3      | Noticed Jessica
  2473 | D:3      | Killed Jessica
  2474 | D:3      | Reached skill level 4 in Fighting
  2474 | D:3      | Reached skill level 4 in Armour
  2474 | D:3      | Reached XP level 5. HP: 31/33 MP: 5/5
  2629 | D:4      | Found a hide-covered altar of Uskayaw.
  2629 | D:4      | Noticed a +0 dagger
  2629 | D:4      | Noticed a +0 dagger
  2679 | D:4      | Killed from afar by an orc priest

Illustrated notes

Levels and vault maps discovered:
D:1:      dpeg_arrival_stone_temple_mockup, layout_loops_ring
D:2:      layout_basic, nzn_hepliaklqana_mist_gate, minmay_tromino_v4_a
D:3:      layout_basic, amethyst_overflow_temple_binary, lemuel_doored_altar,
          yredelemnul_altar_generic, uniq_jessica
D:4:      layout_layer_cave, dancing_weapons_uskayaw,
          nicolae_ossuary_entry_false_entrances

Skill      XL: |  1  2  3  4 |
---------------+-------------+-----
Axes           | 2 3 |  3.5
Shields        | 4 |  4.3
Fighting       | 4 |  4.2
Armour         | 4 |  4.2

Action                   |  1- 3 |  4- 6 || total
-------------------------+-------+-------++-------
Melee: War axe           |   137 |   128 ||   265
  Use: Potion            |       |     4 ||     4
Armor: Scale mail        |    86 |    84 ||   170
       Skin              |       |    40 ||    40
Dodge: Dodged            |    59 |    51 ||   110
Block: Kite shield       |   106 |    88 ||   194
